 Dungeon Crawl Stone Soup version 0.31.0-10-gcf4a605ca0 (webtiles) character file.

Game seed: 2250791015783881795

47 Flugkiller the Ruffian (level 3, 0/33 HPs)
             Began as a Troll Enchanter on Jan 25, 2024.
             Slain by an adder (1 damage)
             ... on level 2 of the Dungeon.
             The game lasted 00:00:50 (715 turns).

Flugkiller the Ruffian (Troll Enchanter)             Turns: 715, Time: 00:00:51

Health: 0/33       AC:  4    Str: 18    XL:     3   Next: 48%
Magic:  3/3        EV:  9    Int: 11    God:
Gold:   69         SH:  0    Dex: 10    Spells: 4/4 levels left

rFire   . .          .
                       - Unarmed
rCold   . . .        (no shield)
rNeg    . . .        b - +0 robe
rPois   .            (helmet restricted)
rElec   .            (no cloak)
rCorr   .            (gloves unavailable)
SInv    .            (boots unavailable)
Will    .....        (no amulet)
Stlth   ++           (no ring)
HPRegen 1.05/turn    (no ring)
MPRegen 0.08/turn

%: no passive effects
@: lethally poisoned (0 -> -6)
A: large, unfitting armour, claws 3, regeneration 1, shaggy fur 1, tough skin 1
a: no special abilities


You were on level 2 of the Dungeon.
You visited 1 branch of the dungeon, and saw 2 of its levels.

You collected 69 gold pieces.

Inventory:

Missiles
 a - 2 poisoned darts (quivered)
Armour
 b - a +0 robe (worn)


   Skills:
 + Level 1.3 Fighting
 - Level 0.7 Short Blades
 - Level 1.5 Dodging
 - Level 1.5 Stealth
 * Level 2.5 Unarmed Combat
 - Level 1.2 Spellcasting
 - Level 2.0 Hexes


You had 4 spell levels left.
You didn't know any spells.
Your spell library contained the following spells:

 Spells                   Type           Power      Damage    Failure   Level
 Ensorcelled Hibernation  Hex/Ice        4%         N/A       32%         2
 Confusing Touch          Hex            5%         N/A       38%         3
 Tukima's Dance           Hex            5%         N/A       38%         3
 Dazzling Flash           Conj/Hex       4%         N/A       54%         3
 Dimensional Bullseye     Hex/Tloc       1%         N/A       91%         4
 Iskenderun's Mystic Bla  Conj/Tloc      0%         2d3       97%         4
 Summon Forest            Summ/Tloc      0%         N/A       100%        5
 Eringya's Noxious Bog    Alch           0%         4d6       100%        6
 Summon Hydra             Summ           0%         N/A       100%        7


Dungeon Overview and Level Annotations

Branches:
Dungeon (2/15) Zot: 11286

Altars:


Innate Abilities, Weirdness & Mutations

You are too large for most types of armour.
You have claws for hands.
Your natural rate of healing is unusually fast.
You are covered in fur. (AC +1)
You have tough skin. (AC +1)


Message History

A rat is nearby!
The rat squeaks loudly.
You scratch the rat.
The rat is moderately wounded.
The rat barely misses you.
You claw the rat!
You kill the rat!
No target in view!
No target in view!
No target in view!
No target in view!
You see here a rat corpse.
You pick up a Fen Folio and begin reading...
You add the spells Summon Forest, Eringya's Noxious Bog and Summon Hydra to your library.
No target in view!
You see here a scroll labelled ACHUVE XARAU.
Things that are here:
2 potions of invisibility; a +1 dagger Key pressed, stopping explore.
No target in view!
Done exploring.
No target in view!
No target in view!
No target in view!
No target in view!
No target in view!
Done exploring.
Done exploring.
Done exploring.
Search for what [? for help]? .
Unknown command.
There is a stone staircase leading down here.
You climb downwards.
There is a stone staircase leading up here.
Unknown command.
Found a black potion.
An adder comes into view.
An adder is nearby!
An adder comes into view.
The adder bites you. x2
You are poisoned.
The adder poisons you!
You scratch the adder.
The adder is lightly wounded.
You feel sick. The adder bites you but does no damage.
You barely miss the adder.
The adder is lightly wounded.
You feel sick. The adder barely misses you. The adder bites you.
You are more poisoned.
The adder poisons you!
You claw the adder!
You kill the adder!
You feel sick. The adder bites you but does no damage. The adder bites you.
You are more poisoned.
The adder poisons you!
You barely miss the adder.
You feel very sick. The adder bites you.
You are more poisoned.
The adder poisons you!
You miss the adder.
You feel very sick. The adder bites you but does no damage.
You are too injured to fight recklessly!
You are too injured to fight recklessly!
You are too injured to fight recklessly!
You are too injured to fight recklessly!
Unknown command.
You closely miss the adder.
You feel very sick. The adder bites you.
You are more poisoned.
The adder poisons you!
You are too injured to fight recklessly!
You closely miss the adder.
You feel very sick. The adder bites you but does no damage.
The adder bites you.
* * * LOW HITPOINT WARNING * * *
You are lethally poisoned!
The adder poisons you!
You are too injured to fight recklessly!
You scratch the adder. Your claw misses the adder.
The adder is moderately wounded.
* * * LOW HITPOINT WARNING * * *
You feel very sick. The adder closely misses you.
You are too injured to fight recklessly!
You barely miss the adder.
The adder is moderately wounded.
* * * LOW HITPOINT WARNING * * *
You feel very sick. The adder closely misses you.
You barely miss the adder.
The adder is moderately wounded.
* * * LOW HITPOINT WARNING * * *
You feel sick. The adder bites you.
* * * LOW HITPOINT WARNING * * *
You are more poisoned.
The adder poisons you! The adder bites you.
You die...

.... .....
....(.
......####
......#..
......#†#######
......S@.......
........########
....!...###<...#
...............#
......#.########
........#
#########


You could see an adder.

Vanquished Creatures
  An adder (D:2)
  3 dart slugs (D:1)
  6 bats (D:1)
  An endoplasm (D:1)
  A giant cockroach (D:1)
  A goblin (D:1)
  A hobgoblin (D:1)
  3 kobolds (D:1)
  A quokka (D:1)
  7 ball pythons (D:1)
  3 frilled lizards (D:1)
  3 rats (D:1)
31 creatures vanquished.

Notes
Turn   | Place    | Note
-------+----------+-------------------------------------------
     0 | D:1      | Flugkiller the Troll Enchanter began the quest for the Orb.
     0 | D:1      | Reached XP level 1. HP: 16/16 MP: 1/1
    45 | D:1      | Reached skill level 1 in Unarmed Combat
    51 | D:1      | Reached XP level 2. HP: 26/26 MP: 2/2
   237 | D:1      | Reached skill level 1 in Fighting
   262 | D:1      | Reached XP level 3. HP: 33/33 MP: 3/3
   715 | D:2      | HP: 1/33 [adder (2)]
   715 | D:2      | Slain by an adder

Illustrated notes

Levels and vault maps discovered:
D:1:      eino_arrival_cavern_d, layout_loops_cross, minmay_fountain_box
D:2:      layout_basic

Skill      XL: |  1  2 |
---------------+-------+-----
Unarmed Combat | 1 2 |  2.5
Fighting       | 1 |  1.3
Short Blades   | |  0.7
Dodging        | |  1.5
Stealth        | |  1.5
Spellcasting   | |  1.2
Hexes          | |  2.0

Action                     || total
---------------------------++-------
  Melee: Unarmed           ||    75
         Punch             ||     1
   Stab: Sleeping          ||     3
 Armour: Robe              ||    58
  Dodge: Dodged            ||    31
